AoeStats
← [RAT] G0rm

Lombardia

508334021Analyzed
4v4 RM · 11d ago on Sep 22, 2026· 38m 16s· 8 players
Game mode
Random Map
Map size
Large (8 player)
Population
200
Speed
Normal
Resources
Standard
Victory
Conquest
Starting age
Dark Age
Ending age
Imperial Age
RankedLock teamsTeams togetherTeam positionsShared explorationLock speedFull tech treeHidden civsTurbo modeCheats
Victory
Defeat
🇨🇦 Tupi · Canada
1773
+11
🇫🇷 Khmer · France
1768
+11
🇩🇰 Mongols · Denmark
1747
+11
🇨🇳 Poles · China
1692
+14
🇲🇽 Britons · Mexico
1811
-17
🇺🇸 Saracens · United States
1645
-12
🇺🇸 Tatars · United States
1629
-11
🇷🇴 Japanese · Romania
1500
-7
温蒂
6:02 Loom
8:20 Feudal Age
8:54 Double-Bit Axe
10:27 Horse Collar
10:41 Horse Collar
12:00 Wheelbarrow
19:47 Castle Age
19:46 Scale Barding Armor
19:52 Forging
20:35 Forging
21:02 Bow Saw
21:37 Heavy Plow
21:43 Light Cavalry
23:23 Husbandry
25:43 Stone Mining
25:43 Gold Mining
30:36 Imperial Age
28:41 Hand Cart
28:32 Scale Barding Armor
29:02 Iron Casting
28:44 Bloodlines
29:29 Stone Shaft Mining
29:34 Chain Barding Armor
29:57 Town Watch
31:07 Szlachta Privileges
30:47 Winged Hussar
32:36 Blast Furnace
32:02 Conscription
33:34 Lechitic Legacy
33:56 Fortified Wall
35:30 Crop Rotation
36:14 Caravan
37:29 Fletching
38:02 Ballistics
38:46 Chemistry
37:57 Masonry
37:27 Treadmill Crane
Friends & Chat
11:03 Feudal Age
15:24 Castle Age
13:14 Double-Bit Axe
13:44 Horse Collar
14:36 Fletching
16:49 Bow Saw
17:11 Bodkin Arrow
17:57 Padded Archer Armor
25:08 Wheelbarrow
24:19 Loom
28:10 Leather Archer Armor
29:24 Ballistics
33:27 Imperial Age
34:10 Bracer
35:29 Chemistry
35:02 Elite Blackwood Archer
37:16 Curare
37:49 Hand Cart
38:42 Ring Archer Armor
=)Svanhilde
9:26 Feudal Age
10:37 Feudal Age
13:55 Castle Age
12:17 Double-Bit Axe
12:57 Horse Collar
14:48 Bow Saw
14:27 Horse Collar
15:36 Wheelbarrow
14:45 Horse Collar
15:37 Heavy Plow
23:36 Hand Cart
24:06 Loom
24:23 Gold Mining
25:53 Gold Shaft Mining
25:53 Scale Barding Armor
25:59 Forging
29:38 Imperial Age
27:32 Scale Barding Armor
27:39 Forging
27:34 Fletching
28:33 Chain Barding Armor
28:51 Bloodlines
28:41 Husbandry
29:20 Iron Casting
29:39 Capped Ram
29:41 Elite Battle Elephant
31:19 Plate Barding Armor
31:45 Blast Furnace
32:24 Bodkin Arrow
32:42 Masonry
32:53 Ballistics
33:33 Chemistry
32:25 Siege Ram
35:25 Tusk Swords
37:41 Light Cavalry
CristinaLover
7:48 Feudal Age
10:04 Double-Bit Axe
10:30 Horse Collar
18:22 Castle Age
19:30 Bow Saw
20:22 Heavy Plow
23:19 Wheelbarrow
24:49 Stone Mining
26:08 Hand Cart
26:03 Gold Mining
27:05 Loom
30:37 Imperial Age
30:17 Gold Shaft Mining
30:19 Stone Shaft Mining
29:47 Fletching
29:58 Padded Archer Armor
30:32 Ballistics
31:22 Thumb Ring
31:19 Husbandry
31:29 Bloodlines
30:43 Elite Mangudai
31:22 Bodkin Arrow
31:57 Conscription
32:33 Parthian Tactics
32:21 Bracer
34:44 Chemistry
34:29 Leather Archer Armor
34:53 Masonry
34:48 Siege Engineers
34:59 Fortified Wall
37:57 Drill
[RAT] Spencer
8:14 Loom
11:10 Feudal Age
15:02 Castle Age
13:13 Double-Bit Axe
13:30 Horse Collar
16:09 Bow Saw
22:05 Wheelbarrow
21:45 Stone Mining
22:00 Heavy Plow
23:20 Gold Mining
23:29 Stone Mining
24:57 Hand Cart
24:28 Town Watch
25:48 Gold Shaft Mining
30:02 Imperial Age
28:12 Forging
28:09 Scale Barding Armor
29:42 Iron Casting
30:05 Bloodlines
29:55 Husbandry
30:12 Elite Mameluke
31:20 Chain Barding Armor
32:00 Blast Furnace
32:51 Plate Barding Armor
33:28 Siege Engineers
33:17 Onager
34:32 Masonry
34:02 Treadmill Crane
34:39 Fletching
35:30 Bodkin Arrow
36:02 Ballistics
36:43 Chemistry
36:54 Bracer
Benedict Cucumberpatch
6:22 Loom
9:10 Feudal Age
9:44 Double-Bit Axe
12:34 Horse Collar
19:53 Castle Age
18:03 Fletching
18:41 Gold Mining
20:38 Heavy Plow
20:48 Bow Saw
20:49 Bodkin Arrow
23:11 Padded Archer Armor
24:12 Wheelbarrow
24:21 Leather Archer Armor
26:07 Ballistics
27:39 Bloodlines
27:29 Husbandry
31:44 Scale Barding Armor
31:49 Forging
34:49 Imperial Age
32:35 Hand Cart
32:58 Gold Shaft Mining
32:48 Stone Mining
33:25 Chain Barding Armor
34:42 Iron Casting
36:11 Plate Barding Armor
36:36 Blast Furnace
36:39 Elite Keshik
37:40 Conscription
Arcy
8:16 Loom
10:02 Feudal Age
14:51 Castle Age
13:29 Double-Bit Axe
14:48 Horse Collar
24:05 Heavy Plow
25:17 Wheelbarrow
25:43 Bow Saw
25:26 Stone Mining
26:59 Hand Cart
26:39 Gold Mining
30:16 Imperial Age
27:55 Fletching
28:07 Padded Archer Armor
29:02 Gold Shaft Mining
29:00 Bodkin Arrow
29:40 Yeomen
29:46 Leather Archer Armor
30:35 Ballistics
30:26 Masonry
31:00 Bracer
32:04 Chemistry
30:33 Elite Longbowman
32:09 Conscription
32:39 Ring Archer Armor
32:27 Masonry
31:58 Treadmill Crane
35:00 Architecture
[RAT] G0rm
9:04 Feudal Age
9:10 Loom
10:58 Double-Bit Axe
14:07 Horse Collar
21:50 Castle Age
21:22 Wheelbarrow
22:56 Bow Saw
22:48 Heavy Plow
23:24 Town Watch
26:22 Hand Cart
25:38 Pikeman
34:16 Imperial Age
32:10 Town Patrol
32:56 Scale Mail Armor
34:07 Chain Mail Armor
33:55 Fletching
38:59 Fortified Wall
Connection lost

Rejoining the realm…

Still unreachable

The connection could not be restored.

Session expired

The server has moved on; the page needs a fresh start.